 Dungeon Crawl Stone Soup version 0.27-a0-1036-g8e1b44f6bd (webtiles) character file.

Game seed: 3759625157833395394

0 spiderkeys the Skirmisher (level 1, 0/23 HPs)
             Began as a Gnoll Abyssal Knight on Apr 18, 2021.
             Was a Follower of Lugonu.
             Slain by a hell hound (3 damage)
             ... on level 1 of the Abyss.
             The game lasted 00:00:25 (56 turns).

spiderkeys the Skirmisher (Gnoll Abyssal Knight)      Turns: 56, Time: 00:00:26

Health: 0/23       AC:  3    Str: 11    XL:     1   Next: 0%
Magic:  3/3        EV: 11    Int: 11    God:    Lugonu [*.....]
Gold:   0          SH:  0    Dex: 11    Spells: 0/0 levels left

rFire    . . .     SeeInvis .   a - +1 spear
rCold    . . .     Faith    +   (no shield)
rNeg     . . .     Spirit   .   b - +0 leather armour
rPois    .         Reflect  .   (no helmet)
rElec    .         Harm     .   (no cloak)
rCorr    .         Rampage  .   (no gloves)
Will     .....                  (no boots)
Stlth    +.........             T - amulet of faith {!P}
HPRegen  0.07/turn              (no ring)
MPRegen  0.08/turn              (no ring)

@: no status effects
A: fangs 1, strong nose, distributed training
a: Renounce Religion, Depart the Abyss


You were on level 1 of the Abyss.
You worshipped Lugonu.
Lugonu was aware of your devotion.
You visited 0 branches of the dungeon, and saw 0 of its levels.
You visited the Abyss 1 time.


Innate Abilities, Weirdness & Mutations

You have very sharp teeth.
Your uncanny sense of smell can sniff out nearby items.
Your experience applies equally to all skills.


   Skills:
 + Level 6.4 Fighting
 + Level 0.0 Short Blades
 + Level 0.0 Long Blades
 + Level 0.0 Axes
 + Level 0.0 Maces & Flails
 + Level 4.4 Polearms
 + Level 0.0 Staves
 + Level 0.0 Slings
 + Level 0.0 Bows
 + Level 0.0 Crossbows
 + Level 0.0 Throwing
 + Level 4.4 Armour
 + Level 2.3 Dodging
 + Level 0.0 Stealth
 + Level 0.0 Shields
 + Level 0.0 Unarmed Combat
 + Level 0.0 Spellcasting
 + Level 0.0 Conjurations
 + Level 0.0 Hexes
 + Level 0.0 Summonings
 + Level 0.0 Necromancy
 + Level 0.0 Translocations
 + Level 0.0 Transmutations
 + Level 0.0 Fire Magic
 + Level 0.0 Ice Magic
 + Level 0.0 Air Magic
 + Level 0.0 Earth Magic
 + Level 0.0 Poison Magic
 + Level 4.4 Invocations
 + Level 0.0 Evocations


You couldn't memorise any spells.
You didn't know any spells.
Your spell library was empty.

Inventory:

Hand Weapons
 a - a +1 spear (weapon)
Armour
 b - a +0 leather armour (worn)
Jewellery
 T - an amulet of faith (around neck) {!P}
   (You found it on level 1 of the Abyss)
Potions
 c - 2 potions of lignification {unknown}

Dungeon Overview and Level Annotations

Branches:
Dungeon (0/15)

Altars:

# ...#.##..## .. #.
#. ..##.. ...
##.####...#.# ..# #
#.#. .
##....#.#.#.#.
#.##.###.###.#..# .
# ###..#.......#.
.##
#..#.........X#..##.
#
#..#..##.##...####.#
##.@h..#..##### #..#
#.##..#..#... #.#. #
.#...#.... ...
.##.#.##...# .### .$
.##.# .## ...w . . #
# #.─ #.w # #...#.#
## #


You could see a hell hound.


Message History

🤖 Initializing magus.rc ... ✅ Successfully initialized magus.rc [v1.9.10] Welcome, spiderkeys the Gnoll Abyssal Knight.
Will you prevail where others failed? Will you find the Orb of Zot?
Lugonu says: Depart the Abyss and spread corruption, my servant! (use the ability menu to exit the Abyss) Press ? for a list of commands and other information.
Found a dented blue amulet.
Found a corrupted altar of Lugonu.
T - an amulet of faith {!P} Really put on
T - an amulet of faith {!P}?
You start putting on your amulet.
You continue putting on your amulet of faith {!P}. x5
You finish putting on your amulet of faith {!P}.
You feel a surge of divine interest.
T - an amulet of faith (around neck) {!P} The tentacled starspawn bites you!
The tentacled starspawn tentacle-slaps you!
* * * LOW HITPOINT WARNING * * *
😨 HP[-15]
You take 15 damage, and now have 8/23 hp.
MASSIVE DAMAGE!! (PAUSE) Tentacles burst from the starspawn's body! 2 starspawn tentacles come into view.
The starspawn tentacle grabs you.
* * * LOW HITPOINT WARNING * * *
The starspawn tentacle constricts you. 😱 HP[-3]
You take 3 damage, and now have 5/23 hp.
You escape the starspawn tentacle's grasp.
A tentacle flies out from the starspawn's body!
A starspawn tentacle comes into view. 😨 HP[+1]
A hell hound comes into view.
The hell hound barks!
You see here 2 fuming grey potions.
c - 2 fuming grey potions The hell hound closely misses you.
The hell hound barely misses you. The hell hound bites you.
* * * LOW HITPOINT WARNING * * *
😱 HP[-3]
You take 3 damage, and now have 3/23 hp.
The hell hound barely misses you. The hell hound bites you.
You die...

Action                   || total
-------------------------++-------
Dodge: Dodged            ||     3

Levels and vault maps discovered:
Abyss:1:  base: Temple, base: Temple, evilmike_abyss_exit_3

Notes
Turn   | Place    | Note
-------+----------+-------------------------------------------
     0 | Abyss:1  | spiderkeys the Gnoll Abyssal Knight began the quest for the
                  | Orb.
     0 | Abyss:1  | Reached XP level 1. HP: 23/23 MP: 3/3
     0 | Abyss:1  | magus.rc [v1.9.10]
    31 | Abyss:1  | Noticed a tentacled starspawn
    34 | Abyss:1  | HP: 5/23 [starspawn tentacle[a tentacled starspawn] (3)]
    43 | Abyss:1  | Noticed a hell hound
    52 | Abyss:1  | HP: 3/23 [hell hound (3)]
    56 | Abyss:1  | Slain by a hell hound

Vanquished Creatures (others)
  6 starspawn tentacles (Abyss:1)
6 creatures vanquished.

Table legend:
 A = Non-vault XP
 B = Vault XP
 C = Vault XP percentage of total XP
 D = Non-vault monster count
 E = Vault monster count
 F = Vault count percentage of total count
                 A         B        C        D         E       F
            +---------+---------+-------+---------+---------+-------
      Total |       0 |       0 |   N/A |       0 |       0 |  -nan
            +---------+---------+-------+---------+---------+-------
            +---------+---------+-------+---------+---------+-------

Illustrated notes

Table legend: (Time is in decaauts)
 A = Elapsed time spent in this place.
 B = Non-inter-level travel time spent in this place.
 C = Inter-level travel time spent in this place.
 D = Time resting spent in this place.
 E = Time spent auto-exploring this place.
 F = Levels seen in this place.
 G = Mean time per level.
                   A        B        C        D        E       F      G
               +--------+--------+--------+--------+--------+-----+--------+
         Total |     56 |     56 |      0 |      0 |      0 |   1 |   56.0 |
         Abyss |     56 |     56 |      0 |      0 |      0 |   1 |   56.0 |
               +--------+--------+--------+--------+--------+-----+--------+

Top non-repeatable levels by time:
 Abyss:1: 56 daAuts
